 Dungeon Crawl Stone Soup version 0.25.1-11-g244df3a29b (webtiles) character file.

Game seed: 9237270768615941671

110748 tkbsonic5 the Warrior (level 16, -16/268 HPs)
             Began as an Ogre Berserker on Jan 3, 2023.
             Was a High Priest of Trog.
             Demolished by a salamander
             ... wielding a +4 halberd of distortion
              (21 damage)
             ... on level 3 of the Snake Pit on Jan 12, 2023.
             The game lasted 02:40:15 (30505 turns).

tkbsonic5 the Warrior (Ogre Berserker)             Turns: 30505, Time: 02:40:15

Health: -16/268    AC: 11    Str: 26    XL:     16   Next: 55%
Magic:  22/22      EV: 14    Int:  8    God:    Trog [*****.]
Gold:   1680       SH:  0    Dex:  8    Spells: 15/15 levels left

rFire    . . .     SeeInvis .   I - +6 giant spiked club "Gabbu" {flame, rN+}
rCold    . . .     Gourm    .   (shield currently unavailable)
rNeg     + . .     Faith    .   h - +4 troll leather armour
rPois    +         Spirit   .   i - +1 hat
rElec    .         Reflect  .   y - scarf {+Inv}
rCorr    .         Harm     .   (gloves unavailable)
MR       ++...                  (boots unavailable)
Stlth    ..........             X - amulet of regeneration
HPRegen  1.34/turn              s - ring of protection from magic
MPRegen  0.18/turn              a - ring of poison resistance

@: berserking (expiring), slightly contaminated, hasted, invisible, very quick
A: large, unfitting armour, claws 1, yellow scales 1, blurry vision 1, deformed
body, tough skin 1, weak 2
a: Berserk, Trog's Hand, Brothers in Arms, Renounce Religion


You were on level 3 of the Snake Pit.
You worshipped Trog.
Trog was extremely pleased with you.
You were not hungry.

You visited 4 branches of the dungeon, and saw 27 of its levels.

You collected 3220 gold pieces.
You spent 1540 gold pieces at shops.

Inventory:

Hand Weapons
 d - the +11 flail "Vezoarghe" {flame, Int+4}
   (You took it off an orc on level 6 of the Dungeon)

   It has been specially enchanted to burn those struck by it, causing extra
   injury to most foes and up to half again as much damage against particularly
   susceptible opponents.
   It affects your intelligence (+4).
 e - the +7 great mace "Undeadhunter" {disrupt, rN+}
   (Trog gifted it to you on level 11 of the Dungeon)

   It protects you from negative energy.
 D - the cursed +0 trident of Sias {vamp, rN+, unknown}
   (You found it on level 2 of the Snake Pit)

   It inflicts no extra harm, but heals its wielder when it wounds a living foe.
   It protects you from negative energy.
   It has a curse placed upon it.
 I - the +6 giant spiked club "Gabbu" (weapon) {flame, rN+}
   (Trog gifted it to you on level 1 of the Orcish Mines)

   It has been specially enchanted to burn those struck by it, causing extra
   injury to most foes and up to half again as much damage against particularly
   susceptible opponents.
   It protects you from negative energy.
 K - a +1 antimagic dire flail
 T - a +1 triple sword of flaming
Missiles
 l - 3 boomerangs (quivered)
 o - 23 poisoned darts
 u - an atropa-tipped dart
 P - 3 datura-tipped darts
 Y - a curare-tipped dart
Armour
 h - a +4 troll leather armour (worn)
 i - a +1 hat (worn)
 y - a scarf of invisibility (worn)
 H - +0 fire dragon scales
 L - a +0 cloak
Jewellery
 a - a ring of poison resistance (right claw)
 f - an uncursed ring of flight
 k - a +4 ring of slaying
 n - an uncursed ring of protection from cold
 q - an uncursed ring of see invisible
 s - a ring of protection from magic (left claw)
 C - an uncursed ring of fire
 J - an uncursed amulet of the acrobat
 O - an uncursed ring of protection from cold
 W - an uncursed ring of positive energy
 X - an amulet of regeneration (around neck)
Wands
 b - a wand of polymorph (9)
 A - a wand of flame (33)
 E - a wand of digging (6)
 N - a wand of disintegration (18)
 Z - a wand of iceblast (8)
Scrolls
 j - 2 scrolls of magic mapping
 r - 23 scrolls of remove curse
 w - 5 scrolls of teleportation
 B - a scroll of holy word
Potions
 g - 2 potions of ambrosia
 m - 2 potions of magic
 t - 4 potions of stabbing
 x - 4 potions of curing
 z - a potion of might
 F - a potion of invisibility
 G - 2 potions of haste
 V - a potion of flight
Miscellaneous
 p - a tin of tremorstones (inert)
 v - a lightning rod (1/4)
 M - a box of beasts
Comestibles
 c - 20 rations


   Skills:
 * Level 16.2 Fighting
 - Level 1.0 Long Blades
 * Level 12.4 Maces & Flails
 * Level 12.7 Throwing
 * Level 8.9 Armour
 * Level 11.8 Dodging
 * Level 8.7 Evocations


You had 15 spell levels left.
You didn't know any spells.
Your spell library was empty.

Dungeon Overview and Level Annotations

Branches:
Dungeon (15/15)            Temple (0/1) D:6            Lair (6/6) D:11
 Shoals (0/4) Lair:4        Snake (4/4) Lair:2        Slime (0/5) Lair:5
    Orc (2/2) D:9             Elf (0/3) Orc:2        Vaults (0/5) D:14
 Depths (0/5) D:15

Altars:
Ashenzari
Cheibriados
Hepliaklqana
Kikubaaqudgha
Makhleb
Nemelex Xobeh
Okawaru
Qazlal
Sif Muna
Trog
Vehumet
Yredelemnul
Zin
The Shining One
Beogh
Jiyva

Shops:
D:4 ?   D:5 =   D:11 [   Orc:2 ((}[(

Annotations:
Snake:1 1 runed translucent door, Kaffega's ghost, adept DsWn; Louise
Orc:1 2 transporters, Teryn's ghost, journeyman DsAK


Innate Abilities, Weirdness & Mutations

You are too large for most types of armour.
You have tough skin. (AC +1)
You have sharp fingernails.
You are partially covered in yellow scales. (AC +2)
Scrolls take you a little longer to read.
Armour fits poorly on your strangely shaped body.
You are very weak. (Str -4)


Message History

The salamander is almost dead.
The salamander hits you!
* * * LOW HITPOINT WARNING * * *
You are engulfed in flames!
* * * LOW HITPOINT WARNING * * *
You barely miss the salamander.
The salamander is almost dead.
The salamander closely misses you.
You barely miss the salamander.
The salamander is almost dead.
The salamander closely misses you.
You closely miss the salamander.
The salamander is almost dead.
An anaconda comes into view.
The salamander hits you.
* * * LOW HITPOINT WARNING * * *
You are engulfed in flames!
* * * LOW HITPOINT WARNING * * *
The salamander hits you from afar with a +4 halberd of distortion!!
You die...

****,,*,,,,,***,,,,***.,,,,,,,
*,,,,,,,,,*,****,,,,,,..,,,,,,
****,,,,,,,,,*,,,,,,,,,,,...,,,,*
*,,,,,,,,,,,,,,#####,*,,,.,..,*,,
***,,,,,,,,,,*##.8.##**,,...#.###
**,,,,,,,,,*#.)...#,,,,.....N..
****,*,,,,,#8.>.8#,,,,...N...<
**,*,**,,#...[.#,,,*#.##....
*,,*,,,,,##@N.##,,***,,#...S
*,****,,,###'###,*****,#....
****,,,,,,###...N.###,,**.N.#N.
*,,,,,,,###.........###,.......
*,,,,,,*#....#####..((##...,..$
***,,,,,*#..#.##...##(#S.##..N...
,,,,,,,,#..##....))((.##..#,(....
,******,#.,#[).8รท..8...#.T#(.....
,* *,+,,#....(<.(...#..(.....#


You could see 2 salamanders and an anaconda (wandering).

Vanquished Creatures
  A nagaraja (Snake:2)
  An orc warlord (Orc:2)
  A fire dragon (Lair:6)
  A yaktaur captain (D:15)
  8 naga warriors
  12 hydras
  Harold (D:9)
  2 anacondas (Snake:1)
  2 catoblepae (Lair:6)
  5 two-headed ogres
  3 death yaks (Lair:4)
  5 centaur warriors
  2 tengu warriors
  2 naga sharpshooters
  4 shock serpents
  A deep elf knight (D:15)
  3 salamander mystics
  2 unseen horrors
  2 naga ritualists (Snake:1)
  4 orc knights
  2 wizards
  A necromancer (Lair:3)
  3 lindwurms (Lair:6)
  An orb spider (shapeshifter) (D:14)
  2 orc sorcerers
  A deep elf mage (D:14)
  2 mana vipers (Snake:1)
  3 manticores
  5 ugly things
  2 cyclopes
  11 salamanders
  2 centaur zombies
  24 black mambas
  2 guardian serpents
  7 naga magi
  A gargoyle (D:11)
  7 spiny frogs
  A kobold demonologist (D:14)
  7 rime drakes
  6 torpor snails (Lair:6)
  4 komodo dragons
  An efreet (D:14)
  A queen bee (shapeshifter) (D:13)
  5 trolls
  Grinder (D:3)
  3 tyrant leeches (Lair:6)
  A polar bear (Lair:6)
  A wind drake (shapeshifter) (D:14)
  A raiju (shapeshifter) (D:15)
  7 hornets
  27 yaks
  A hornet (shapeshifter) (D:14)
  14 blink frogs
  9 hippogriffs
  4 dream sheep
  A snapping turtle (Lair:4)
  Sigmund (D:2)
  2 centaur simulacra (D:14)
  A spriggan (shapeshifter) (D:13)
  A spriggan (Lair:4)
  4 wyverns
  A hog (D:7)
  5 basilisks
  13 humans
  4 hungry ghosts
  A steam dragon (D:9)
  14 wolves
  20 nagas
  2 acid dragons
  16 water moccasins
  8 porcupines
  A black bear (D:12)
  An ice beast (D:10)
  A phantom (D:6)
  3 sky beasts
  A swamp drake (D:9)
  27 orc warriors
  2 hornet zombies
  2 eyes of draining
  11 ogres
  7 crocodiles
  10 centaurs
  2 big kobolds
  13 bullfrogs
  4 wyvern skeletons
  A hornet simulacrum (D:14)
  3 scorpions
  7 wights
  3 killer bees
  6 electric eels
  3 howler monkeys (D:13)
  7 crimson imps
  2 bullfrog zombies
  4 jellies
  22 orc priests
  3 bullfrog skeletons
  8 hounds
  33 orc wizards
  4 centaur skeletons
  7 iguanas
  Ijyb (D:3)
  Jessica (D:3)
  7 yak simulacra (Lair:3)
  2 polar bear simulacra (Lair:3)
  9 worker ants
  A hound zombie (D:5)
  A hound skeleton (D:8)
  7 gnolls
  10 adders
  A river rat (D:10)
  6 shadow imps
  An adder skeleton (D:8)
  A worm (D:3)
  3 dart slugs
  8 leopard geckos
  104 orcs
  2 ball pythons
  A giant cockroach (D:4)
  12 goblins
  11 hobgoblins
  17 jackals
  4 quokkas
  6 bats
  2 frilled lizards (D:1)
  A jackal skeleton (D:4)
  9 kobolds
  A quokka skeleton (D:9)
  A quokka zombie (D:7)
  4 rats
  2 river rat simulacra (Lair:3)
760 creatures vanquished.

Vanquished Creatures (collateral kills)
  2 vault guards (D:14)
  An orc high priest (Orc:2)
  2 necromancers (D:14)
  A manticore (Lair:6)
  A salamander (Snake:2)
  4 black mambas
  3 spiny frogs
  2 blink frogs (Lair:2)
  3 dream sheep (Lair:6)
  A wyvern (Lair:2)
  8 humans (D:14)
  A hog (D:7)
  A yak (D:7)
  A basilisk (Lair:2)
  A centaur (D:13)
  3 nagas
  4 orc warriors
  A wolf (Lair:2)
  A crocodile (Lair:6)
  A bullfrog (Lair:2)
  A killer bee (D:8)
  2 electric eels (D:11)
  4 hounds (D:11)
  2 orc priests
  5 orc wizards
  A worker ant (D:8)
  An adder (D:9)
  12 orcs
70 creatures vanquished.

Vanquished Creatures (others)
  A hippogriff (D:9)
  An orc warrior (D:9)
  2 yaks (D:7)
  A centaur (D:13)
  2 orc wizards
  An adder (D:8)
  4 orcs
  7 fungi
  16 plants
35 creatures vanquished.

Grand Total: 865 creatures vanquished

Notes
Turn   | Place    | Note
-------+----------+-------------------------------------------
     0 | D:1      | tkbsonic5 the Ogre Berserker began the quest for the Orb.
     0 | D:1      | Reached XP level 1. HP: 24/24 MP: 1/1
   268 | D:1      | Reached XP level 2. HP: 32/32 MP: 2/2
   284 | D:1      | Reached skill level 1 in Throwing
   716 | D:1      | You fall into a shaft and drop 1 floor!
   768 | D:1      | Reached XP level 3. HP: 40/40 MP: 3/3
  1275 | D:2      | Found a hazy altar of Hepliaklqana.
  1307 | D:2      | Reached XP level 4. HP: 47/49 MP: 4/4
  1350 | D:2      | Noticed Sigmund
  1365 | D:2      | Killed Sigmund
  1365 | D:2      | Reached skill level 5 in Fighting
  1365 | D:2      | Reached XP level 5. HP: 59/59 MP: 5/5
  1421 | D:2      | Found a sparkling altar of Nemelex Xobeh.
  1567 | D:2      | Reached XP level 6. HP: 64/67 MP: 6/6
  2045 | D:3      | Noticed Jessica
  2047 | D:3      | Found a snail-covered altar of Cheibriados.
  2055 | D:3      | Killed Jessica
  2055 | D:3      | Reached skill level 6 in Fighting
  2058 | D:3      | Reached ** piety under Trog
  2177 | D:3      | Noticed Ijyb
  2185 | D:3      | Killed Ijyb
  2496 | D:3      | Noticed Grinder
  2504 | D:3      | Killed Grinder
  2504 | D:3      | Reached XP level 7. HP: 76/76 MP: 7/7
  2842 | D:3      | Found a basalt altar of Yredelemnul.
  3600 | D:4      | Found Putsai's Magic Scroll Boutique.
  3603 | D:4      | Bought a scroll of identify for 28 gold pieces
  3619 | D:4      | Reached skill level 7 in Fighting
  3648 | D:4      | Reached skill level 1 in Long Blades
  3796 | D:4      | Reached skill level 5 in Maces & Flails
  4047 | D:5      | Entered Level 5 of the Dungeon
  4585 | D:5      | Reached *** piety under Trog
  4676 | D:5      | Found Borof's Jewellery Emporium.
  4759 | D:5      | Reached XP level 8. HP: 87/87 MP: 8/8
  4873 | D:5      | Found an iron altar of Okawaru.
  5250 | D:5      | Found an ancient bone altar of Kikubaaqudgha.
  5428 | D:5      | Found a burning altar of Makhleb.
  5430 | D:5      | Noticed a balrug
  5434 | D:5      | Noticed a hellwing
  5434 | D:5      | Noticed an orange demon
  5951 | D:6      | Found a staircase to the Ecumenical Temple.
  6548 | D:6      | Reached skill level 8 in Fighting
  6548 | D:6      | Reached skill level 5 in Throwing
  7331 | D:6      | Identified the +11 flail "Vezoarghe" {flame, Int+4}
  7657 | D:7      | Found a bloodstained altar of Trog.
  8107 | D:7      | Noticed a yak
  8111 | D:7      | Killed a yak
  8111 | D:7      | Noticed a yak
  8114 | D:7      | Killed a yak
  8117 | D:7      | Noticed a yak
  8117 | D:7      | Noticed a yak
  8119 | D:7      | Killed a yak
  8125 | D:7      | Killed a yak
  8125 | D:7      | Reached XP level 9. HP: 67/97 MP: 9/9
  8273 | D:7      | Reached skill level 9 in Fighting
  8273 | D:7      | Reached skill level 1 in Armour
  8936 | D:8      | Found a shattered altar of Ashenzari.
  9218 | D:8      | Reached skill level 5 in Dodging
  9334 | D:8      | Reached skill level 1 in Evocations
  9341 | D:8      | Reached **** piety under Trog
 10101 | D:8      | Found a burning altar of Makhleb.
 10104 | D:8      | Reached skill level 10 in Fighting
 10188 | D:8      | Reached XP level 10. HP: 107/110 MP: 10/10
 10373 | D:9      | Noticed Harold
 10382 | D:9      | Killed Harold
 10688 | D:9      | Found a staircase to the Orcish Mines.
 11141 | D:9      | Reached skill level 11 in Fighting
 11434 | D:9      | Found a glowing silver altar of Zin.
 11452 | D:9      | Found a stormy altar of Qazlal.
 11457 | D:9      | Found a radiant altar of Vehumet.
 11574 | D:9      | Found a shimmering blue altar of Sif Muna.
 11590 | D:9      | Reached ***** piety under Trog
 11856 | D:10     | Entered Level 10 of the Dungeon
 11937 | D:10     | Reached XP level 11. HP: 120/120 MP: 12/12
 12961 | D:11     | Noticed a cyclops
 12970 | D:11     | Killed a cyclops
 13002 | D:11     | Found Piokiwk's Antique Armour Boutique.
 13191 | D:11     | Noticed a centaur warrior
 13193 | D:11     | Killed a centaur warrior
 13481 | D:11     | Received a gift from Trog
 13482 | D:11     | Found the +7 great mace "Undeadhunter" {disrupt, rN+}
 13504 | D:11     | Found a staircase to the Lair.
 13847 | Lair:1   | Entered Level 1 of the Lair of Beasts
 14015 | Lair:1   | Found a glowing golden altar of the Shining One.
 14085 | Lair:1   | Reached skill level 12 in Fighting
 14356 | Lair:1   | You fall into a shaft and drop 1 floor!
 14457 | Lair:2   | Noticed a seven-headed hydra
 14478 | Lair:2   | Killed a seven-headed hydra
 14496 | Lair:2   | Reached XP level 12. HP: 84/132 MP: 14/14
 14689 | Lair:2   | Found a staircase to the Snake Pit.
 15807 | Lair:3   | Received a gift from Trog
 15830 | Lair:3   | Gained mutation: You are weak. (Str -2) [potion of
                  | mutation]
 15830 | Lair:3   | Gained mutation: You have sharp fingernails. [potion of
                  | mutation]
 15830 | Lair:3   | Gained mutation: You are partially covered in yellow
                  | scales. (AC +2) [potion of mutation]
 16651 | Lair:3   | Reached skill level 13 in Fighting
 16959 | Lair:4   | Reached skill level 10 in Throwing
 17047 | Lair:4   | Found a staircase to the Shoals.
 17308 | Lair:4   | Noticed a six-headed hydra
 17308 | Lair:4   | Noticed a death yak
 17310 | Lair:4   | Noticed a death yak
 17312 | Lair:4   | Noticed a death yak
 17317 | Lair:4   | Killed a six-headed hydra
 17329 | Lair:4   | Killed a death yak
 17338 | Lair:4   | Killed a death yak
 17338 | Lair:4   | Reached skill level 5 in Armour
 17338 | Lair:4   | Reached XP level 13. HP: 144/144 MP: 16/16
 17459 | Lair:4   | Reached skill level 10 in Maces & Flails
 17531 | Lair:4   | Got an encrusted battleaxe
 17532 | Lair:4   | Identified the +3 battleaxe "Laedyas" {pain, Str+6 Dex-4}
                  | (You found it on level 4 of the Lair of Beasts)
 18248 | Lair:5   | Reached skill level 5 in Evocations
 18780 | Lair:5   | Found a viscous altar of Jiyva.
 18780 | Lair:5   | Found a staircase to the Slime Pits.
 18835 | Lair:6   | Entered Level 6 of the Lair of Beasts
 19640 | Lair:6   | Reached skill level 14 in Fighting
 20178 | Lair:6   | Reached XP level 14. HP: 83/156 MP: 18/18
 20360 | Lair:6   | Reached skill level 10 in Dodging
 20755 | Lair:6   | Found a runed translucent door.
 21683 | D:12     | Received a gift from Trog
 22149 | D:12     | Reached ****** piety under Trog
 23816 | D:14     | Received a gift from Trog
 23836 | D:14     | Reached XP level 15. HP: 165/165 MP: 20/20
 23859 | D:14     | Found a gate to the Vaults.
 23864 | D:14     | Reached skill level 15 in Fighting
 24208 | D:5      | Bought a +4 ring of slaying for 1092 gold pieces
 24208 | D:5      | Bought an uncursed amulet of regeneration for 420 gold
                  | pieces
 24882 | D:14     | Paralysed by a hornet for 2 turns
 25036 | D:15     | Entered Level 15 of the Dungeon
 25037 | D:15     | Found a gate leading to a gauntlet.
 25608 | D:15     | Found a staircase to the Depths.
 26097 | Orc:1    | Entered Level 1 of the Orcish Mines
 26147 | Orc:1    | Found a roughly hewn altar of Beogh.
 26532 | Orc:1    | Noticed Teryn's ghost (journeyman DsAK)
 26558 | Orc:1    | Found a transporter.
 26569 | Orc:1    | Received a gift from Trog
 26581 | Orc:1    | Got a smoking giant spiked club {god gift}
 26582 | Orc:1    | Identified the +6 giant spiked club "Gabbu" {flame, rN+}
                  | (Trog gifted it to you on level 1 of the Orcish Mines)
 26662 | Orc:1    | Found a transporter.
 26887 | Orc:2    | Entered Level 2 of the Orcish Mines
 27013 | Orc:2    | Found a staircase to the Elven Halls.
 27047 | Orc:2    | Noticed an orc warlord
 27077 | Orc:2    | Killed an orc warlord
 27086 | Orc:2    | Received a gift from Trog
 27328 | Orc:2    | Found a roughly hewn altar of Beogh.
 27369 | Orc:2    | Found Uhan's Gadget Emporium.
 27398 | Orc:2    | Found a roughly hewn altar of Beogh.
 27446 | Orc:2    | Found a roughly hewn altar of Beogh.
 27622 | Orc:2    | Found a roughly hewn altar of Beogh.
 27622 | Orc:2    | Found Cena Fei's Weapon Shop.
 27755 | Orc:2    | Found Baublo Poifa's Antique Weapon Boutique.
 27806 | Orc:2    | Found Nuihoymu's Antique Armour Boutique.
 27807 | Orc:2    | Found a roughly hewn altar of Beogh.
 27808 | Orc:2    | Found Ynla's Antique Weapon Shop.
 28496 | Snake:1  | Entered Level 1 of the Snake Pit
 28610 | Snake:1  | Received a gift from Trog
 28905 | Snake:1  | Reached XP level 16. HP: 142/178 MP: 22/22
 29182 | Snake:2  | Gained mutation: You are very weak. (Str -4) [mutagenic
                  | glow]
 29198 | Snake:1  | Noticed Louise
 29272 | Snake:1  | Gained mutation: Scrolls take you a little longer to read.
                  | [mutagenic glow]
 29338 | Snake:1  | Found a runed translucent door.
 29338 | Snake:1  | Noticed Kaffega's ghost (adept DsWn)
 29448 | Snake:2  | Got a smoking trident
 29485 | Snake:3  | Noticed a nagaraja
 29615 | Snake:2  | Killed a nagaraja
 29645 | Snake:2  | Reached skill level 16 in Fighting
 30351 | Snake:4  | Entered Level 4 of the Snake Pit
 30497 | Snake:3  | Gained mutation: Armour fits poorly on your strangely
                  | shaped body. [mutagenic glow]
 30505 | Snake:3  | HP: 5/268 [salamander (9)]
 30505 | Snake:3  | Demolished by a salamander

Illustrated notes

Levels and vault maps discovered:
D:1:      dpeg_arrival_signposts, layout_basic
D:2:      layout_basic, nicolae_overflow_crystal_walls, lemuel_doored_altar,
          uniq_sigmund
D:3:      layout_basic, marbit_many_paths, cheibriados_altar_1, uniq_ijyb,
          uniq_grinder, uniq_jessica
D:4:      layout_basic, serial_shops, shop
D:5:      layout_basic, okawaru_altar_gauntlet_db, kennysheep_mini_moat,
          serial_bayou, serial_bayou_lagoon_a, serial_bayou_crossing,
          serial_shops, kennysheep_mini, first_ration, st_stairs_13,
          minmay_misc_feat_diagonals, makhleb_altar_promises_db
D:6:      layout_basic, minmay_temple_entry_nine_rooms
D:7:      layout_loops_corners, overflow_temple_1_default, grunt_livestock
D:8:      layout_basic, evilmike_ruin_ashenzari, lemuel_coloured_pillars_altar,
          chequers_serial_rivers_small_3
D:9:      layout_roguey, led_sif_book, minmay_overflow_temple_star_quad,
          erik_orc_1, uniq_harold
D:10:     layout_basic, chequers_big_river
D:11:     layout_irregular_city, erik_lair_island, serial_shops,
          nicolae_shop_crystal, hex_large
D:12:     minmay_box_of_statues, layout_long_grid
D:13:     layout_roguey, drop_trap
D:14:     layout_rooms, grunt_vaults_entry_tiered, minmay_misc_feat_hallway,
          hangedman_corner_corridor
D:15:     hangedman_depths_entry_civil_slaughter, layout_loops_ring,
          minmay_misc_feat_encased, gauntlet_entry_generic
Lair:1:   layout_cave_pods, basic_altar
Lair:2:   layout_cave_pods, guppyfry_snake_entry_island,
          infiniplex_staircase_pool_2, grunt_megastairs_4
Lair:3:   layout_chaotic_city, eino_house_with_fridge
Lair:4:   layout_concentric_octagons, minmay_shoals_entry_hut,
          grunt_forest_large_clearing_hut, serial_bayou_shore_b
Lair:5:   layout_roguey, dpeg_slime_entry_enclosed_altar,
          chequers_serial_rivers_room_b
Lair:6:   wormcave, layout_regular_city, hangedman_lair_in_review, minivault_11
Snake:1:  layout_honeycomb, gammafunk_ghost_grave, serial_bayou_shore_b,
          uniq_louise
Snake:2:  layout_cave_town, serial_shops, statue_bzr
Snake:3:  layout_rooms, grunt_megastairs_2
Snake:4:  snake_pit, layout_cave_town, portal_ice_cave_entry_pillars_four,
          uniq_aizul
Orc:1:    layout_caves, gammafunk_ghost_stat_death, mines1_david
Orc:2:    grunt_orc_community_town_hall, layout_caves,
          grunt_orc_community_big_house_2, grunt_orc_community_big_house_1,
          grunt_orc_community_house_1, grunt_orc_community_house_2,
          grunt_orc_community_house_1, grunt_orc_community_house_3,
          serial_shops, nicolae_shop_crystal, mines2_lemuel

Skill      XL: |  1  2  3  4  5  6  7  8  9 10 11 12 13 14 15 16 |
---------------+-------------------------------------------------+-----
Throwing       | 1 3 4 5 6 8 9 10 11 12 | 12.7
Maces & Flails | 3 4 5 6 7 8 9 10 11 12 | 12.4
Fighting       | 5 6 7 8 10 11 12 13 14 15 16 | 16.2
Long Blades    | 1 |  1.0
Dodging        | 3 4 5 6 7 8 9 10 11 | 11.8
Armour         | 2 3 4 5 6 7 8 |  8.9
Evocations     | 1 2 3 4 5 7 8 |  8.7

Action                   |  1- 3 |  4- 6 |  7- 9 | 10-12 | 13-15 | 16-18 || total
-------------------------+-------+-------+-------+-------+-------+-------++-------
Melee: Mace              |    27 |       |       |       |       |       ||    27
       Whip              |    55 |    34 |    48 |       |       |       ||   137
       Giant spiked club |       |       |   228 |       |   126 |   104 ||   458
       Long sword        |       |       |     6 |       |       |       ||     6
       Flail             |       |       |    91 |   295 |   615 |       ||  1001
       Great mace        |       |       |       |       |    12 |       ||    12
Throw: Stone             |    53 |     5 |     1 |       |       |       ||    59
       Dart              |       |     4 |    48 |    67 |   180 |     2 ||   301
       Boomerang         |       |       |    12 |   276 |   179 |    57 ||   524
       Throwing net      |       |       |       |     1 |       |       ||     1
       Large rock        |       |       |       |    11 |    40 |    28 ||    79
Invok: Berserk           |     1 |     3 |     2 |     4 |    10 |     5 ||    25
       Trog's Hand       |       |       |     4 |     5 |     6 |     5 ||    20
       Brothers in Arms  |       |       |       |     3 |     2 |     2 ||     7
 Abil: Evoke Invisibilit |       |       |       |       |     1 |    10 ||    11
Evoke: Wand              |       |     3 |    13 |    29 |    50 |     3 ||    98
       Lightning rod     |       |       |       |     1 |     9 |     3 ||    13
       Box of beasts     |       |       |       |     2 |     7 |       ||     9
       Tin of tremorston |       |       |       |       |     2 |     5 ||     7
  Use: Scroll            |     1 |     7 |    10 |    13 |    13 |     8 ||    52
       Potion            |       |       |     6 |     1 |     7 |     6 ||    20
 Stab: Paralysed         |       |       |    12 |     4 |    17 |       ||    33
       Invisible         |       |       |       |       |     7 |     3 ||    10
  Eat: Chunk             |     2 |     6 |     9 |     8 |     4 |       ||    29
       Ration            |       |       |     7 |     6 |    14 |     5 ||    32
Armor: Animal skin       |    25 |     8 |   109 |       |       |       ||   142
       Skin              |       |       |    14 |       |    65 |       ||    79
       Robe              |       |       |     8 |    18 |       |       ||    26
       Troll leather arm |       |       |       |    51 |   299 |    43 ||   393
Dodge: Dodged            |    53 |     9 |   214 |   132 |   587 |    99 ||  1094
